 Dungeon Crawl Stone Soup version 0.30-a0-718-geaa24f58ff (webtiles) character file.

Game seed: 17649875239946150147

37 Lobster4 the Cudgeller (level 3, -1/27 HPs)
             Began as a Human Wanderer on Jan 25, 2023.
             Slain by Robin
             ... wielding a +0 falchion
              (6 damage)
             ... on level 2 of the Dungeon.
             The game lasted 00:04:20 (1132 turns).

Lobster4 the Cudgeller (Human Wanderer)             Turns: 1132, Time: 00:04:21

Health: -1/27      AC:  3    Str: 14    XL:     3   Next: 62%
Magic:  6/6        EV: 11    Int: 11    God:
Gold:   63         SH:  0    Dex: 13    Spells: 4/6 levels left

rFire   . . .      SeeInvis .    a - +3 mace
rCold   + . .      Faith    .    (no shield)
rNeg    . . .      Spirit   .    c - +0 leather armour
rPois   .          Reflect  .    (no helmet)
rElec   .          Harm     .    (no cloak)
rCorr   +          Rampage  .    (no gloves)
Will    .....                    (no boots)
Stlth   +                        (no amulet)
HPRegen 0.24/turn                h - ring "Tirghuc" {Wiz rC+ rCorr Slay+2}
MPRegen 0.10/turn                (no ring)

@: no status effects
A: no striking features
a: no special abilities


You were on level 2 of the Dungeon.
You visited 1 branch of the dungeon, and saw 2 of its levels.

You collected 63 gold pieces.

Inventory:

Hand Weapons
 a - a +3 mace (weapon)
 b - a +0 sling
Missiles
 e - 5 datura-tipped darts (quivered)
Armour
 c - a +0 leather armour (worn)
Jewellery
 h - the ring "Tirghuc" (left hand) {Wiz rC+ rCorr Slay+2}
   (You found it on level 2 of the Dungeon)

   [ring of wizardry]

   It improves your spell success rate.
   Slay:      It affects your accuracy & damage with ranged weapons and melee
   (+2).
   rC:        It protects you from cold.
   rCorr:     It protects you from acid and corrosion.
Scrolls
 d - a scroll of teleportation
Potions
 f - 2 potions of attraction {unknown}


   Skills:
 + Level 1.6 Fighting
 + Level 4.2 Maces & Flails
 + Level 0.6 Throwing
 + Level 1.6 Armour
 + Level 1.2 Dodging
 - Level 2.0 Spellcasting
 - Level 2.0 Translocations


You had 4 spell levels left.
You knew the following spells:

 Your Spells              Type           Power      Damage    Failure   Level
a - Blink                 Tloc           10%        N/A       10%         2

Your spell library contained the following spells:

 Spells                   Type           Power      Damage    Failure   Level
 Lesser Beckoning         Tloc           10%        N/A       10%         2
 Animate Armour           Summ/Erth      2%         N/A       77%         4
 Blade Hands              Tmut           0%         N/A       98%         5
 Iron Shot                Conj/Erth      0%         9d1       100%        6


Dungeon Overview and Level Annotations

Branches:
Dungeon (2/15)

Altars:

Annotations:
D:2 Robin, Terence


Message History

The goblin completely misses you.
You hit the goblin.
You kill the goblin!
Robin throws the goblin at you! The goblin barely misses you.
Robin points. "Kill!"
The goblin hits you with a +0 club.
You sock the goblin!
You kill the goblin!
The goblin unwields a +0 sling.
The goblin wields a +0 spear.
The goblin barely misses you. Robin throws the goblin at you!
The goblin closely misses you.
You closely miss the goblin. The goblin barely misses you.
Robin roars a battlecry!
The goblins go into a battle-frenzy!
The goblin hits you but does no damage. The goblin barely misses you.
You closely miss the goblin. The goblin hits you but does no damage.
The goblin hits you with a +0 spear.
You sock the goblin!
You kill the goblin!
Robin says, "Kneel, worm!"
Robin throws the goblin at you! The goblin barely misses you.
You closely miss the goblin. The goblin closely misses you.
Robin says, "Feeling lonely?"
Robin hits you with a +0 falchion.
You hit the goblin.
The goblin is severely wounded.
The goblin barely misses you. Robin closely misses you.
You sock the goblin!
You kill the goblin!
Robin hits you with a +0 falchion.
You completely miss Robin. Robin hits you with a +0 falchion.
* * * LOW HITPOINT WARNING * * *
You hit Robin.
Robin is lightly wounded.
Robin hits you with a +0 falchion.
* * * LOW HITPOINT WARNING * * *
You hit Robin.
Robin is heavily wounded.
Robin hits you with a +0 falchion.
You die...

#############
##<†...#.....##
##.............#
#########........)......
#.....g@).....†.........
#........####...............
#.######.......>............
######..........<....
##.............#
#...............##
#..#######..###### .. #.##
#.#


You could see Robin.

Vanquished Creatures
  A worm (D:2)
  A ball python (D:1)
  2 endoplasms (D:1)
  A giant cockroach (D:1)
  8 goblins
  5 hobgoblins
  4 jackals (D:1)
  A quokka (D:1)
  A bat (D:2)
  A frilled lizard (D:2)
  A kobold (D:1)
  2 rats
28 creatures vanquished.

Notes
Turn   | Place    | Note
-------+----------+-------------------------------------------
     0 | D:1      | Lobster4 the Human Wanderer began the quest for the Orb.
     0 | D:1      | Lobster4 set off with the following items: a +3 mace, a
                  | scroll of fear, a +0 leather armour; and the following
                  | spells available to memorise: Blink, Lesser Beckoning.
     0 | D:1      | Reached XP level 1. HP: 15/15 MP: 3/3
   137 | D:1      | Reached XP level 2. HP: 16/21 MP: 5/5
   356 | D:1      | Found a faded altar of an unknown god.
   843 | D:2      | Noticed Terence
   918 | D:2      | Reached XP level 3. HP: 17/26 MP: 6/6
   920 | D:2      | Identified the ring "Tirghuc" {Wiz rC+ rCorr Slay+2}
   926 | D:2      | Learned a level 2 spell: Blink
   955 | D:2      | Reached skill level 1 in Dodging
  1119 | D:2      | Noticed Robin
  1132 | D:2      | Slain by Robin

Illustrated notes

Levels and vault maps discovered:
D:1:      lemuel_arrival_muddy, layout_basic, basic_ecumenical_altar
D:2:      layout_rooms, minmay_pentomino_t2, uniq_terence, uniq_robin

Skill      XL: |  1  2  3 |
---------------+----------+-----
Dodging        | 1 |  1.2
Fighting       | |  1.6
Maces & Flails | |  4.2
Throwing       | |  0.6
Armour         | |  1.6
Spellcasting   | |  2.0
Translocations | |  2.0

Action                     || total
---------------------------++-------
  Melee: Mace              ||    73
    Use: Scroll            ||     2
   Stab: Sleeping          ||     1
 Armour: Leather armour    ||    21
  Dodge: Dodged            ||    50

Table legend: (Time is in decaauts)
 A = Elapsed time spent in this place.
 B = Non-inter-level travel time spent in this place.
 C = Inter-level travel time spent in this place.
 D = Time resting spent in this place.
 E = Time spent auto-exploring this place.
 F = Levels seen in this place.
 G = Mean time per level.
                   A        B        C        D        E       F      G
               +--------+--------+--------+--------+--------+-----+--------+
         Total |   1151 |    989 |    162 |     82 |    666 |   2 |  575.5 |
       Dungeon |   1151 |    989 |    162 |     82 |    666 |   2 |  575.5 |
               +--------+--------+--------+--------+--------+-----+--------+

Top non-repeatable levels by time:
     D:1: 1001 daAuts
     D:2: 150 daAuts
